 Dungeon Crawl Stone Soup version 0.31-a0-845-g9abc20d24f (webtiles) character file.

Game seed: 1960445309750067977

263 randomguy2701 the Digger (level 6, -7/44 HPs)
             Began as a Gnoll Wanderer on Oct 1, 2023.
             Mangled by a scorpion (17 damage)
             ... on level 5 of the Dungeon.
             The game lasted 00:03:07 (2683 turns).

randomguy2701 the Digger (Gnoll Wanderer)           Turns: 2683, Time: 00:03:08

Health: -7/44      AC:  3    Str: 15    XL:     6   Next: 19%
Magic:  7/11       EV:  2    Int: 10    God:
Gold:   84         SH:  0    Dex: 11    Spells: 10/11 levels left

rFire   . . .        a - +0 mace
rCold   . . .        (no shield)
rNeg    . . .        d - +0 leather armour
rPois   .            (no helmet)
rElec   .            (no cloak)
rCorr   .            (no gloves)
SInv    +            (no boots)
Will    .....        (no amulet)
Stlth   ++           h - ring of see invisible
HPRegen 0.27/turn    (no ring)
MPRegen 0.12/turn

%: no passive effects
@: sleeping, very slightly contaminated
A: fangs 1, strong nose, distributed training
a: no special abilities


You were on level 5 of the Dungeon.
You visited 1 branch of the dungeon, and saw 4 of its levels.

You collected 84 gold pieces.

Inventory:

Hand Weapons
 a - a +0 mace (weapon)
Armour
 d - a +0 leather armour (worn)
Jewellery
 h - a ring of see invisible (left hand)
 n - an amulet of the acrobat
Wands
 b - a wand of polymorph (3)
Scrolls
 c - a scroll of fog
 e - 3 scrolls of teleportation {unknown}
 i - a scroll of identify {unknown}
 j - a scroll of blinking {unknown}
 k - a scroll of noise {unknown}
 p - a scroll of poison {unknown}
Potions
 g - a potion of cancellation {unknown}
 l - a potion of ambrosia {unknown}
 m - a potion of enlightenment {unknown}
 o - a potion of heal wounds {unknown}


   Skills:
 + Level 1.9 Fighting
 + Level 1.9 Short Blades
 + Level 1.9 Long Blades
 + Level 1.9 Axes
 + Level 3.2 Maces & Flails
 + Level 1.9 Polearms
 + Level 1.9 Staves
 + Level 1.9 Ranged Weapons
 + Level 1.9 Throwing
 + Level 1.9 Armour
 + Level 1.9 Dodging
 + Level 1.9 Stealth
 + Level 1.9 Shields
 + Level 1.9 Unarmed Combat
 + Level 3.4 Spellcasting
 + Level 1.5 Conjurations
 + Level 1.5 Hexes
 + Level 1.5 Summonings
 + Level 1.5 Necromancy
 + Level 1.5 Translocations
 + Level 1.5 Transmutations
 + Level 1.5 Fire Magic
 + Level 1.5 Ice Magic
 + Level 1.5 Air Magic
 + Level 7.2 Earth Magic
 + Level 1.5 Poison Magic
 + Level 3.3 Invocations
 + Level 6.8 Evocations
 + Level 1.7 Shapeshifting


You had 10 spell levels left.
You knew the following spells:

 Your Spells              Type           Power      Damage    Failure   Level
a - Sandblast             Erth           32%        2d9       1%          1

Your spell library contained the following spells:

 Spells                   Type           Power      Damage    Failure   Level
 Passwall                 Tmut/Erth      8%         N/A       9%          2
 Ensorcelled Hibernation  Hex/Ice        8%         N/A       26%         2
 Lesser Beckoning         Tloc           8%         N/A       26%         2
 Gell's Gravitas          Tloc           4%         N/A       47%         3
 Swiftness                Air            4%         N/A       47%         3
 Teleport Other           Tloc           4%         N/A       47%         3
 Animate Armour           Summ/Erth      20%        N/A       50%         4
 Brom's Barrelling Bould  Conj/Erth      10%        2d3       50%         4


Dungeon Overview and Level Annotations

Branches:
Dungeon (5/15)
 Temple: D:4-7

Altars:
Wu Jian

Shops:
D:1 =[([

Annotations:
D:3 1 runed translucent door, Tollund's ghost, weakling DrSh


Innate Abilities, Weirdness & Mutations

You have very sharp teeth.
Your uncanny sense of smell can sniff out nearby items.
Your experience applies equally to all skills.


Message History

A malevolent force fills the Dungeon...
You fall into a shaft and drop 2 floors!
The shaft crumbles and collapses.
Found 7 gold pieces.
Found a stone staircase leading down.
A sleepcap comes into view.
You see here 7 gold pieces.
A sleepcap is nearby!
A sleepcap is nearby!
The blast of sand hits the sleepcap!
The sleepcap is moderately damaged.
A scorpion comes into view.
The blast of sand hits the sleepcap but does no damage.
The sleepcap is moderately damaged.
The sleepcap releases spores at you.
You are engulfed in a cloud of soporific spores!
You fall asleep.
The sleepcap releases spores at you!
You wake up.
Unknown command.
You miscast Sandblast.
You are very lightly contaminated with residual magic.
Nothing appears to happen.
The sleepcap releases spores at you but does no damage.
The blast of sand hits the sleepcap.
The sleepcap is heavily damaged.
The sleepcap closely misses you. The scorpion stings you.
The blast of sand hits the sleepcap but does no damage.
The sleepcap is heavily damaged.
The scorpion stings you. The sleepcap releases spores at you!
The scorpion stings you.
* * * LOW HITPOINT WARNING * * *
You are poisoned.
The scorpion poisons you! The sleepcap releases spores at you!
* * * LOW HITPOINT WARNING * * *
It was a potion of curing.
You feel better. The scorpion closely misses you.
The sleepcap releases spores at you.
* * * LOW HITPOINT WARNING * * *
You are engulfed in a cloud of soporific spores!
You fall asleep.
The scorpion stings you!
You die...

#.∆ #. .# ##. ..
...##..###.#
#........#.#
#......#.# #
#....f...#.#
#..s@.#.#.# #
#.....#.#.#.#
###.......>.###
........$.......
..........##.....
########### .###


You could see a sleepcap and a scorpion.

Vanquished Creatures
  Grinder (D:3)
  An adder (D:2)
  2 worms (D:2)
  2 dart slugs
  3 orcs (D:3)
  5 ball pythons
  6 endoplasms
  4 giant cockroaches
  4 goblins
  3 quokkas (D:1)
  9 bats
  2 frilled lizards
  4 kobolds
  4 rats
50 creatures vanquished.

Notes
Turn   | Place    | Note
-------+----------+-------------------------------------------
     0 | D:1      | randomguy2701 the Gnoll Wanderer began the quest for the
                  | Orb.
     0 | D:1      | randomguy2701 set off with the following items: a +0 mace,
                  | a wand of polymorph (3), a scroll of fog, a +0 leather
                  | armour; and the following spell memorised: Sandblast; and
                  | the following spells available to memorise: Animate Armour,
                  | Brom's Barrelling Boulder.
     0 | D:1      | Reached XP level 1. HP: 13/13 MP: 4/4
   150 | D:1      | Found Vyicopoz's Antique Armour Boutique.
   155 | D:1      | Reached XP level 2. HP: 12/19 MP: 2/5
   188 | D:1      | Found Wavvofeg's Jewellery Shoppe.
   329 | D:1      | Found Junez's Antique Armour Boutique.
   700 | D:1      | Reached XP level 3. HP: 25/25 MP: 5/7
   779 | D:1      | Found Coixezur's Antique Weapon Emporium.
  1577 | D:2      | Reached skill level 1 in Fighting
  1577 | D:2      | Reached skill level 1 in Short Blades
  1577 | D:2      | Reached skill level 1 in Long Blades
  1577 | D:2      | Reached skill level 1 in Axes
  1577 | D:2      | Reached skill level 1 in Polearms
  1577 | D:2      | Reached skill level 1 in Staves
  1577 | D:2      | Reached skill level 1 in Ranged Weapons
  1577 | D:2      | Reached skill level 1 in Throwing
  1577 | D:2      | Reached skill level 1 in Armour
  1577 | D:2      | Reached skill level 1 in Dodging
  1577 | D:2      | Reached skill level 1 in Stealth
  1577 | D:2      | Reached skill level 1 in Shields
  1577 | D:2      | Reached skill level 1 in Unarmed Combat
  2267 | D:2      | Reached skill level 1 in Shapeshifting
  2267 | D:2      | Reached XP level 4. HP: 32/32 MP: 6/8
  2325 | D:3      | Noticed Grinder
  2332 | D:3      | Killed Grinder
  2333 | D:3      | Reached skill level 1 in Conjurations
  2333 | D:3      | Reached skill level 1 in Hexes
  2333 | D:3      | Reached skill level 1 in Summonings
  2333 | D:3      | Reached skill level 1 in Necromancy
  2333 | D:3      | Reached skill level 1 in Translocations
  2333 | D:3      | Reached skill level 1 in Transmutations
  2333 | D:3      | Reached skill level 1 in Fire Magic
  2333 | D:3      | Reached skill level 1 in Ice Magic
  2333 | D:3      | Reached skill level 1 in Air Magic
  2333 | D:3      | Reached skill level 1 in Poison Magic
  2333 | D:3      | Reached XP level 5. HP: 38/38 MP: 3/10
  2333 | D:3      | Reached XP level 6. HP: 44/44 MP: 3/11
  2594 | D:3      | Found an ornate altar of the Wu Jian Council.
  2622 | D:3      | Found a runed translucent door.
  2623 | D:3      | Noticed Tollund's ghost (weakling DrSh)
  2672 | D:3      | You fall into a shaft and drop 2 floors!
  2672 | D:5      | Entered Level 5 of the Dungeon
  2683 | D:5      | Mangled by a scorpion

Illustrated notes

Levels and vault maps discovered:
D:1:      dpeg_arrival_three_bigger_balls, layout_basic, serial_shops, shop,
          shop, shop, nicolae_shop_temple_entry_statues_fountains, moated_statue
D:2:      layout_basic, serial_bayou_pond_d, kennysheep_flooded_box
D:3:      layout_loops_cross, nicolae_wu_jian_wuxing_cycle,
          hellmonk_ecumenical_altar_inner_sanctum, ebering_ghost_sewer_f,
          uniq_ijyb, uniq_grinder
D:5:      layout_loops_ring, minmay_temple_entry_fiery

Skill      XL: |  1  2  3  4 |
---------------+-------------+-----
Fighting       | 1 |  1.9
Short Blades   | 1 |  1.9
Long Blades    | 1 |  1.9
Axes           | 1 |  1.9
Polearms       | 1 |  1.9
Staves         | 1 |  1.9
Ranged Weapons | 1 |  1.9
Throwing       | 1 |  1.9
Armour         | 1 |  1.9
Dodging        | 1 |  1.9
Stealth        | 1 |  1.9
Shields        | 1 |  1.9
Unarmed Combat | 1 |  1.9
Shapeshifting  | 1 |  1.7
Maces & Flails | 3 |  3.2
Spellcasting   | 3 |  3.4
Conjurations   | 1 |  1.5
Hexes          | 1 |  1.5
Summonings     | 1 |  1.5
Necromancy     | 1 |  1.5
Translocations | 1 |  1.5
Transmutations | 1 |  1.5
Fire Magic     | 1 |  1.5
Ice Magic      | 1 |  1.5
Air Magic      | 1 |  1.5
Poison Magic   | 1 |  1.5
Invocations    | 3 |  3.3
Earth Magic    | |  7.2
Evocations     | |  6.8

Action                     |  1- 3 |  4- 6 || total
---------------------------+-------+-------++-------
  Melee: Mace              |     5 |     4 ||     9
         Bite              |     1 |       ||     1
         Punch             |       |     1 ||     1
   Cast: Sandblast         |    64 |    26 ||    90
    Use: Potion            |       |     1 ||     1
 Armour: Leather armour    |    22 |    24 ||    46
  Dodge: Dodged            |    18 |    11 ||    29

Table legend: (Time is in decaauts)
 A = Elapsed time spent in this place.
 B = Non-inter-level travel time spent in this place.
 C = Inter-level travel time spent in this place.
 D = Time resting spent in this place.
 E = Time spent auto-exploring this place.
 F = Levels seen in this place.
 G = Mean time per level.
                   A        B        C        D        E       F      G
               +--------+--------+--------+--------+--------+-----+--------+
         Total |   2729 |   2683 |     46 |      0 |   2386 |   4 |  682.2 |
       Dungeon |   2729 |   2683 |     46 |      0 |   2386 |   4 |  682.2 |
               +--------+--------+--------+--------+--------+-----+--------+

Top non-repeatable levels by time:
     D:2: 1302 daAuts
     D:1: 1056 daAuts
     D:3: 358 daAuts
     D:5: 12 daAuts
